 Dungeon Crawl Stone Soup version 0.27-a0-531-gb72ec1a1b6 (webtiles) character file.

Game seed: 8787847489784479623

25327 sahdkjhfkaj the Fighter (level 12, -5/123 HPs)
             Began as a Palentonga Transmuter on Mar 6, 2021.
             Was the Champion of Okawaru.
             Slain by a thrashing horror (13 damage)
             ... on level 2 of the Abyss.
             The game lasted 00:20:54 (21218 turns).

sahdkjhfkaj the Fighter (Palentonga Transmuter)    Turns: 21218, Time: 00:20:54

Health: -5/123     AC: 21    Str: 17    XL:     12   Next: 88%
Magic:  14/17      EV:  8    Int: 16    God:    Okawaru [******]
Gold:   897        SH:  0    Dex: 10    Spells: 8/17 levels left

rFire    + + .     SeeInvis +     - Unarmed
rCold    . . .     Faith    .   (shield currently unavailable)
rNeg     . . .     Spirit   .   I - +0 steam dragon scales
rPois    .         Reflect  .   (no helmet)
rElec    .         Harm     .   e - +1 cloak
rCorr    .         Rampage  .   (gloves currently unavailable)
Will     .....     Rnd*Rage +   H - +1 barding {rF+}
Stlth    +.........             (no amulet)
HPRegen  0.30/turn              z - ring of ice
MPRegen  0.15/turn              u - ring of fire

@: blade hands (expiring), slowed, curled up, very slow
A: large, rugged brown scales 3, see invisible, berserk 1, clever 1, deformed
body, fire resistance 1, weak 1, roll 1, armoured tail, reflexive curl
a: Rolling Charge, End Transformation, Renounce Religion, Heroism, Finesse


You were on level 2 of the Abyss.
You worshipped Okawaru.
Okawaru was exalted by your worship.
You had blades for hands.
You visited 2 branches of the dungeon, and saw 13 of its levels.
You visited the Abyss 2 times.

You collected 897 gold pieces.

Inventory:

Armour
 e - a +1 cloak (worn)
 H - a +1 barding of fire resistance (worn)
 I - +0 steam dragon scales (worn)
Jewellery
 u - a ring of fire (right blade hand)
 z - a ring of ice (left blade hand)
 E - a ring of resist corrosion
Wands
 k - a wand of digging (10)
 r - a wand of flame (42)
 A - a wand of acid (3)
 D - a wand of mindburst (2)
Scrolls
 b - a scroll of random uselessness {unknown}
 f - a scroll of brand weapon {unknown}
 g - a scroll of immolation {unknown}
 h - 5 scrolls of amnesia
 s - 3 scrolls of fear
 t - 4 scrolls of enchant armour
 v - 4 scrolls of magic mapping
 y - 2 scrolls of fog {unknown}
 B - a scroll of acquirement {unknown}
 C - 6 scrolls of teleportation
Potions
 a - 3 potions of lignification {unknown}
 c - a potion of flight {unknown}
 d - a potion of berserk rage
 i - 2 potions of ambrosia {unknown}
 l - a potion of haste {unknown}
 m - 3 potions of attraction {unknown}
 n - 4 potions of degeneration {unknown}
 o - 2 potions of magic {unknown}
 p - 2 potions of might
 q - 5 potions of brilliance {unknown}
 w - a potion of curing {unknown}
 x - a potion of mutation {unknown}
 G - a potion of invisibility {unknown}


   Skills:
 + Level 13.3 Fighting
 - Level 4.0 Armour
 - Level 4.0 Dodging
 - Level 7.0 Unarmed Combat
 - Level 3.0 Spellcasting
 - Level 10.0 Transmutations
 - Level 3.0 Ice Magic
 - Level 1.0 Poison Magic
 - Level 7.0 Invocations
 - Level 7.0 Evocations


You had 8 spell levels left.
You knew the following spells:

 Your Spells              Type           Power      Damage    Failure   Level
a - Beastly Appendage     Tmut           68%        N/A       10%         1
x - Spider Form           Tmut/Pois      10%        N/A       36%         3
z - Blade Hands           Tmut           17%        N/A       43%         5

Your spell library contained the following spells:

 Spells                   Type           Power      Damage    Failure   Level
 Wereblood                Tmut           34%        N/A       12%         2
 Passwall                 Tmut/Erth      15%        N/A       28%         2
 Freeze                   Ice            72%        1d9       34%         1
 Ice Form                 Ice/Tmut       34%        N/A       52%         4
 Frozen Ramparts          Ice            36%        1d5       56%         3
 Ozocubu's Armour         Ice            18%        N/A       56%         3
 Magic Dart               Conj           8%         1d3       61%         1
 Sandblast                Erth           4%         2d4       61%         1
 Petrify                  Tmut/Erth      18%        N/A       67%         4
 Blink                    Tloc           N/A        N/A       71%         2
 Call Imp                 Summ           2%         N/A       71%         2
 Slow                     Hex            2%         N/A       71%         2
 Mephitic Cloud           Conj/Pois/Air  3%         N/A       85%         3
 Conjure Flame            Conj/Fire      3%         6-21      87%         3
 Stone Arrow              Conj/Erth      4%         3d7       87%         3
 Hailstorm                Conj/Ice       10%        3d5       95%         4
 Summon Ice Beast         Ice/Summ       10%        N/A       95%         4
 Lee's Rapid Deconstruct  Erth           1%         3d5*      100%        5


Dungeon Overview and Level Annotations

Branches:
Dungeon (12/15)            Temple (1/1) D:6            Lair (0/6) D:9
    Orc (0/2) D:11

Altars:
Ashenzari
Cheibriados
Dithmenos
Elyvilon
Fedhas
Gozag
Hepliaklqana
Kikubaaqudgha
Makhleb
Nemelex Xobeh
Okawaru
Qazlal
Ru
Sif Muna
Trog
Uskayaw
Vehumet
Wu Jian
Xom
Yredelemnul
Zin
The Shining One

Shops:
D:7 =


Innate Abilities, Weirdness & Mutations

You are completely covered in rugged brown scales. (AC +3, +7% HP)
You have supernaturally acute eyesight. (SInv)
Armour fits poorly on your strangely shaped body.
You can roll at nearby foes to attack.
You have a long armoured tail.
You curl defensively after being hit.
You tend to lose your temper in combat.
Your mind is acute. (Int +2)
Your flesh is heat resistant. (rF+)
You are weak. (Str -2)


Message History

The large abomination is moderately damaged.
The large abomination hits you but does no damage.
You barely miss the large abomination.
The large abomination is moderately damaged.
The large abomination barely misses you.
The freezing wraith hits you. The freezing wraith freezes you!
The freezing wraith hits you. The freezing wraith drains your vigour!
You feel yourself slow down.
The thrashing horror tramples you but does no damage.
The thrashing horror closely misses you.
You are too injured to fight recklessly!
You are too injured to fight recklessly!
Unknown command.
You slice the freezing wraith!!
The freezing wraith is severely damaged.
The thrashing horror tramples you but does no damage. x2
The large abomination hits you!!
* * * LOW HITPOINT WARNING * * *
The freezing wraith barely misses you.
The freezing wraith hits you but does no damage.
The large abomination hits you but does no damage.
You hit the freezing wraith but do no damage.
The freezing wraith is severely damaged.
The freezing wraith hits you.
* * * LOW HITPOINT WARNING * * *
The freezing wraith freezes you!!
* * * LOW HITPOINT WARNING * * *
The freezing wraith hits you but does no damage.
The large abomination hits you but does no damage.
The thrashing horror barely misses you.
The thrashing horror tramples you but does no damage.
The freezing wraith closely misses you. The freezing wraith barely misses you.
Okay, then.
Blink to where?
Press: ? - help, Dir - move target
As you read the scroll of blinking, it crumbles to dust.
A large abomination comes into view.
Okay, then.
The thrashing horror tramples you!
You die...

#.....#### .....
##....## ...##
#......## #.#.# #
....XW.##.#.#
≈≈..........#.#
....≈..#......#.#
≈≈≈≈≈....##....#.#
....≈≈.....#X..#.#
#§≈##.#.#.##...X@.#
##> . .##.#..#.###
.... #.. ##≈. ##.#
#≈ ## .. ≈


You could see a thrashing horror, 2 large abominations and a freezing wraith.

Vanquished Creatures
  Kirke (D:11)
  A starcursed mass (Abyss:3)
  Harold (D:8)
  3 two-headed ogres
  A thrashing horror (Abyss:2)
  Nergalle (D:12)
  Sonja (D:10)
  An unseen horror (D:12)
  A sixfirhy (Abyss:2)
  5 wizards (D:12)
  2 ugly things
  2 deep elf zephyrmancers (D:12)
  3 orc sorcerers (D:12)
  A manticore (D:11)
  2 trolls
  Prince Ribbit (D:9)
  A hornet (D:8)
  3 wraiths
  Sigmund (D:4)
  14 yaks
  4 shadows (D:11)
  2 wyverns
  3 hogs
  A steam dragon (D:11)
  3 water moccasins
  2 orc warriors
  4 sky beasts
  2 ice beasts
  3 black bears
  8 ogres
  10 centaurs
  A phantom (D:11)
  7 bullfrogs
  A kobold brigand (D:9)
  4 scorpions
  2 troll zombies (D:11)
  6 killer bees
  7 howler monkeys
  25 wights
  3 electric eels (D:11)
  A bullfrog zombie (D:8)
  A centaur zombie (D:10)
  5 hounds
  4 orc priests
  4 centaur skeletons
  4 jellies
  6 iguanas
  Jessica (D:2)
  2 bullfrog skeletons
  8 orc wizards
  8 worker ants
  4 ogre zombies (D:11)
  A hound zombie (D:10)
  A hound skeleton (D:5)
  17 adders
  A gnoll (D:5)
  3 shadow imps
  3 white imps
  5 ufetubi
  2 oozes
  An adder zombie (D:8)
  2 adder skeletons
  4 worms
  3 dart slugs
  4 leopard geckos
  26 orcs
  A ball python (D:3)
  3 giant cockroaches
  9 goblins
  8 hobgoblins
  10 jackals
  12 kobolds
  9 quokkas
  9 bats
  A frilled lizard (D:3)
  A goblin skeleton (D:11)
  2 goblin zombies (D:11)
  3 hobgoblin zombies (D:11)
  A leopard gecko zombie (D:5)
  2 orc skeletons (D:11)
  11 orc zombies (D:11)
  A quokka skeleton (D:8)
  A quokka zombie (D:7)
  7 rats
356 creatures vanquished.

Vanquished Creatures (others)
  An unseen horror (D:11)
  2 orcs (D:11)
  4 plants (D:9)
7 creatures vanquished.

Grand Total: 363 creatures vanquished

Notes
Turn   | Place    | Note
-------+----------+-------------------------------------------
     0 | D:1      | sahdkjhfkaj the Palentonga Transmuter began the quest for
                  | the Orb.
     0 | D:1      | Reached XP level 1. HP: 17/17 MP: 3/3
   467 | D:1      | Reached XP level 2. HP: 24/24 MP: 3/5
  1096 | D:2      | Reached XP level 3. HP: 17/29 MP: 4/6
  1404 | D:2      | Noticed Jessica
  1413 | D:2      | Killed Jessica
  1460 | D:2      | Reached XP level 4. HP: 37/37 MP: 5/7
  1465 | D:2      | Reached skill level 5 in Unarmed Combat
  1659 | D:2      | Found a shimmering altar of Xom.
  1662 | D:2      | Found a shimmering altar of Xom.
  1662 | D:2      | Found a shimmering altar of Xom.
  1662 | D:2      | Found a shimmering altar of Xom.
  1664 | D:2      | Found a shimmering altar of Xom.
  1917 | D:2      | Found a basalt altar of Yredelemnul.
  2182 | D:3      | Reached skill level 2 in Fighting
  2687 | D:3      | Reached XP level 5. HP: 47/47 MP: 6/8
  2696 | D:3      | Learned a level 3 spell: Spider Form
  2814 | D:3      | Reached skill level 3 in Fighting
  3313 | D:4      | Reached skill level 1 in Poison Magic
  3828 | D:4      | Reached XP level 6. HP: 54/54 MP: 7/9
  3971 | D:4      | Noticed Sigmund
  3987 | D:4      | Killed Sigmund
  3988 | D:4      | Reached skill level 5 in Transmutations
  4555 | D:4      | Gained mutation: You curl defensively after being hit.
                  | [Palentonga growth]
  4555 | D:4      | Reached XP level 7. HP: 57/62 MP: 8/10
  4803 | D:4      | Reached skill level 4 in Fighting
  4881 | D:5      | Entered Level 5 of the Dungeon
  5526 | D:5      | Found a hide-covered altar of Uskayaw.
  5782 | D:6      | Reached skill level 5 in Fighting
  5902 | D:6      | Reached XP level 8. HP: 35/72 MP: 9/11
  6408 | D:6      | Found a staircase to the Ecumenical Temple.
  6420 | Temple   | Entered the Ecumenical Temple
  6509 | Temple   | Became a worshipper of Warmaster Okawaru
  7151 | D:7      | Found Ysunut's Jewellery Shop.
  7182 | D:7      | Found a white marble altar of Elyvilon.
  7221 | D:7      | Reached skill level 1 in Evocations
  7241 | D:7      | Reached * piety under Okawaru
  7759 | D:7      | Learned a level 5 spell: Blade Hands
  7827 | D:7      | Reached XP level 9. HP: 55/79 MP: 12/12
  7969 | D:7      | Noticed a troll
  8007 | D:6      | Killed a troll
  8294 | D:6      | Reached skill level 6 in Fighting
  8563 | D:7      | Found a burning altar of Makhleb.
  8781 | D:7      | Found a radiant altar of Vehumet.
  9011 | D:8      | Reached skill level 7 in Fighting
  9480 | D:8      | Reached ** piety under Okawaru
  9517 | D:8      | Reached skill level 8 in Fighting
 10244 | D:9      | Noticed Harold
 10251 | D:9      | Noticed a troll
 10258 | D:8      | Killed Harold
 10258 | D:8      | Reached *** piety under Okawaru
 10259 | D:8      | Reached skill level 9 in Fighting
 10259 | D:8      | Reached XP level 10. HP: 29/97 MP: 3/13
 10561 | D:9      | Noticed a two-headed ogre
 10562 | D:9      | Noticed Prince Ribbit
 11608 | D:8      | Gained mutation: Your flesh is heat resistant. (rF+)
                  | [mutagenic glow]
 11623 | D:8      | Gained mutation: Your mind is acute. (Int +2) [mutagenic
                  | glow]
 11647 | D:8      | Gained mutation: You are weak. (Str -2) [mutagenic glow]
 11671 | D:8      | Gained mutation: You tend to lose your temper in combat.
                  | [mutagenic glow]
 12179 | D:9      | Reached skill level 10 in Fighting
 12636 | D:9      | Killed a two-headed ogre
 12636 | D:9      | Reached **** piety under Okawaru
 12728 | D:9      | Killed Prince Ribbit
 13060 | D:9      | Noticed a two-headed ogre
 13065 | D:9      | Killed a two-headed ogre
 13432 | D:9      | Found a staircase to the Lair.
 13473 | D:9      | Found an opulent altar of Gozag.
 13475 | D:9      | Found a shimmering blue altar of Sif Muna.
 13488 | D:10     | Entered Level 10 of the Dungeon
 13499 | D:10     | Reached skill level 5 in Invocations
 13605 | D:10     | Reached ***** piety under Okawaru
 13724 | D:10     | Noticed a two-headed ogre
 13729 | D:10     | Killed a two-headed ogre
 13730 | D:10     | Reached XP level 11. HP: 85/105 MP: 9/15
 14476 | D:10     | Reached skill level 10 in Transmutations
 14660 | D:10     | Identified the +8 plate armour "Qubigi" {rC+ rN+}
 14980 | D:10     | Noticed Sonja
 14991 | D:10     | Killed Sonja
 15440 | D:11     | Found a staircase to the Orcish Mines.
 15452 | D:11     | Reached skill level 5 in Evocations
 16276 | D:11     | Noticed an unseen horror
 16280 | D:11     | Killed an unseen horror
 16286 | D:11     | HP: 2/157 [manticore/volley of spikes (10)]
 16288 | D:11     | Received a gift from Okawaru
 17387 | D:11     | Noticed a brown ugly thing
 17398 | D:11     | Killed a brown ugly thing
 17399 | D:11     | Reached skill level 1 in Ice Magic
 18471 | D:12     | Identified the +1 chain mail of the Shining Light {-Tele
                  | rC+ rN+ SInv}
 18488 | D:12     | Found a broken altar of Ashenzari.
 18714 | D:12     | Noticed an unseen horror
 18719 | D:12     | Killed an unseen horror
 18831 | D:12     | Noticed an orc sorcerer
 18838 | D:12     | Killed an orc sorcerer
 18869 | D:12     | Noticed a deep elf zephyrmancer
 18876 | D:12     | Killed a deep elf zephyrmancer
 18877 | D:12     | Reached XP level 12. HP: 115/115 MP: 12/17
 18923 | D:12     | Reached skill level 11 in Fighting
 19198 | D:12     | Cast into level 3 of the Abyss (a wizard)
 19199 | Abyss:3  | Noticed a starcursed mass
 19211 | Abyss:3  | Killed a starcursed mass
 19211 | Abyss:3  | Reached ****** piety under Okawaru
 19226 | D:12     | Escaped the Abyss
 19250 | D:12     | Reached skill level 12 in Fighting
 19255 | D:12     | HP: 5/119 [deep elf zephyrmancer/bolt of lightning (30)]
 19742 | D:12     | Noticed Kirke
 20262 | D:11     | Killed Kirke
 20262 | D:11     | Received a gift from Okawaru
 20540 | D:12     | Noticed Nergalle
 20574 | D:12     | Reached skill level 13 in Fighting
 20574 | D:12     | Reached skill level 1 in Armour
 20583 | D:12     | Killed Nergalle
 21036 | D:12     | Paralysed by an orc sorcerer for 7 turns
 21162 | D:12     | Cast into level 2 of the Abyss (a wizard)
 21218 | Abyss:2  | Slain by a thrashing horror

Illustrated notes

Levels and vault maps discovered:
D:1:      scummos_arrival_checkerplants, layout_basic, minmay_misc_feat_doors,
          serial_bayou_lagoon_a
D:2:      layout_rooms, lemuel_round_altar, xom_redecorated, uniq_jessica
D:3:      layout_loops_corners, minmay_misc_feat_five,
          chequers_serial_rivers_micro_d, grunt_decor_junction,
          minmay_door_square
D:4:      layout_loops_corners, nrook_mini_vaults, minmay_pentangle,
          uniq_sigmund
D:5:      layout_cave_pools, eat_drink_and_be_merry_uskayaw, grunt_ministairs_5,
          cheibrodos_gnoll_hut
D:6:      layout_loops_ring, minmay_temple_entry_stoned_glass,
          kennysheep_pointless_box, kennysheep_doodads
D:7:      layout_loops_ring, lemuel_round_altar, vehumet_altar_wand_db,
          old_standard_altar, serial_shops, shop, st_stairs_1
D:8:      layout_basic
D:9:      layout_cave_pools, nicolae_overflow_hidden_temple,
          david_lair_shrubbed, uniq_prince_ribbit1, uniq_harold
D:10:     layout_loops_ring, minmay_misc_feat_rugged, uniq_sonja
D:11:     layout_basic, zombieorc1_lemuel
D:12:     minmay_tri_stars, layout_loops_cross, ashenzari_altar_1,
          uniq_nergalle, uniq_kirke
Temple:   zaba_magenta_temple
Abyss:2:  base: D:4, guppyfry_abyss_exit_spiral_guarded,
          onia_ninara_dug_in_and_dangerous

Skill      XL: |  1  2  3  4  5  6  7  8  9 10 11 12 |
---------------+-------------------------------------+-----
Unarmed Combat | 4 5 7 |  7.0
Fighting       | 2 3 5 9 10 13 | 13.3
Poison Magic   | 1 |  1.0
Transmutations | 3 5 7 9 10 | 10.0
Dodging        | 3 4 |  4.0
Invocations    | 3 6 7 |  7.0
Evocations     | 3 7 |  7.0
Spellcasting   | 3 |  3.0
Ice Magic      | 3 |  3.0
Armour         | 4 |  4.0

Action                   |  1- 3 |  4- 6 |  7- 9 | 10-12 || total
-------------------------+-------+-------+-------+-------++-------
Melee: Unarmed           |    50 |   151 |    32 |   544 ||   777
       Kick              |    11 |    29 |    50 |       ||    90
       Headbutt          |     6 |    13 |    39 |       ||    58
       Tailslap          |     5 |    13 |    34 |    46 ||    98
       Punch             |       |     2 |     5 |    11 ||    18
       Rapier            |       |       |   215 |       ||   215
 Cast: Beastly Appendage |    19 |    40 |    44 |       ||   103
       Blade Hands       |       |       |     9 |    80 ||    89
       Spider Form       |       |       |     1 |     1 ||     2
 Abil: End Transformatio |       |       |     1 |     4 ||     5
Evoke: Wand              |       |       |     4 |    15 ||    19
  Use: Scroll            |       |     1 |     6 |     5 ||    12
       Potion            |       |       |     3 |     4 ||     7
Armor: Robe              |     9 |       |    21 |   145 ||   175
       Ring mail         |    10 |    60 |    88 |       ||   158
       Steam dragon scal |       |       |       |    99 ||    99
Dodge: Dodged            |    20 |    73 |   176 |   315 ||   584

Table legend: (Time is in decaauts)
 A = Elapsed time spent in this place.
 B = Non-inter-level travel time spent in this place.
 C = Inter-level travel time spent in this place.
 D = Time resting spent in this place.
 E = Time spent auto-exploring this place.
 F = Levels seen in this place.
 G = Mean time per level.
                   A        B        C        D        E       F      G
               +--------+--------+--------+--------+--------+-----+--------+
         Total |  21264 |  20741 |    523 |    234 |  17879 |  15 | 1417.6 |
       Dungeon |  21073 |  20600 |    473 |    233 |  17796 |  12 | 1756.1 |
        Temple |    106 |     56 |     50 |      0 |     54 |   1 |  106.0 |
         Abyss |     84 |     84 |      0 |      1 |     29 |   2 |   42.0 |
               +--------+--------+--------+--------+--------+-----+--------+

Top non-repeatable levels by time:
    D:11: 3688 daAuts
     D:8: 3122 daAuts
    D:10: 2405 daAuts
     D:6: 2194 daAuts
     D:4: 1576 daAuts
    D:12: 1534 daAuts
     D:9: 1496 daAuts
     D:3: 1227 daAuts
     D:1: 1091 daAuts
     D:7: 987 daAuts
     D:2: 972 daAuts
     D:5: 776 daAuts
  Temple: 106 daAuts
 Abyss:2: 55 daAuts
 Abyss:3: 28 daAuts
